cohdb
Replays
Latest Replays
All Replays
Popular Replays
Top Player Replays
Match Explorer
How It Works
Community
CoH3 Stats
Reddit
Sign in to upload your games and track your stats! →
Sign in with Steam
Match 40114743
Unlisted
Match 40114743
Overview
Messages
Build Orders
End
Construct Section Command Post
Infantry Section
Infantry Section
ML 3-inch Mortar Team
Construct Field Infirmary
Selects Indian Artillery Battlegroup
Infantry Section
Grenade Package
Selects War Cry
Selects Gurkha Rifles Section
Construct Platoon Command Post
CMP 15cwt Truck
6-pounder Anti-tank Gun Team
6-pounder Anti-tank Gun Team
Unlock Bishop Self-propelled Artillery
CMP 15cwt Truck
Selects Pillage
6-pounder Anti-tank Gun Team
Particycles
Androphyte
-_-Spirit-_-
Легендарныч
!!!!!!!!!!!!
Misterhighlight
0
0
Comments
sign in to comment!
No comments posted yet!